[Event "*** Titled Tuesday Blitz"]
[Site "Chess.com"]
[Date "2020.04.07"]
[Round "4"]
[White "Dixit_Nikhil"]
[Black "davigator"]
[Result "0-1"]
[WhiteElo "2484"]
[BlackElo "2341"]
[TimeControl "180+1"]
[EndTime "13:36:15 PDT"]
[Termination "davigator won by resignation"]

1. e4 c5 2. Nf3 Nc6 3. Bb5 g6 4. Bxc6 bxc6 5. O-O Bg7 6. c3 Nh6 7. d4 cxd4 8. cxd4 O-O 9. Nc3 d5 10. e5 Nf5 11. Na4 f6 12. exf6 Bxf6 13. Bf4 Nd6 14. Be5 Bg4 15. Qd3 Bxf3 16. gxf3 Bxe5 17. dxe5 Nc4 18.
Nc5 Nxb2 19. Qe2 Nc4 20. Ne6 Qd7 21. Nxf8 Rxf8 22. e6 Qd6 23. Rab1 Qf4 24. Rb7 Rf5 25.
Rxe7 Rh5 0-1

[Event "*** Titled Tuesday Blitz"]
[Site "Chess.com"]
[Date "2020.04.07"]
[Round "4"]
[White "Everyfishknows"]
[Black "stoleriu"]
[Result "1/2-1/2"]
[WhiteElo "2356"]
[BlackElo "2550"]
[TimeControl "180+1"]
[EndTime "13:36:19 PDT"]
[Termination "Game drawn by agreement"]

1. d4 e6 2. e4 d5 3. Nd2 Be7 4.
Ngf3 Nf6 5. Bd3 c5 6. c3 Nc6 7. e5 Nd7 8. O-O g5 9. dxc5 g4 10. Nd4 Ndxe5 11. N2b3 h5 12. Re1 Nxd3 13. Qxd3 Bd7 14. Bf4 Bf6 15. Bd6 a6 1/2-1/2

[Event "*** Titled Tuesday Blitz"]
[Site "Chess.com"]
[Date "2020.04.07"]
[Round "4"]
[White "Slovak_fighter2000"]
[Black "timator"]
[Result "1/2-1/2"]
[WhiteElo "2486"]
[BlackElo "2668"]
[TimeControl "180+1"]
[EndTime "13:36:20 PDT"]
[Termination "Game drawn by agreement"]

1. d4 Nf6 2. Bf4 e6 3. Nf3 b6 4. e3 Bb7 5. Nbd2 h6 6. h3 Bd6 7. Bxd6 cxd6 8. Bd3 d5 9. Qe2 O-O 10. O-O Nc6 11. c3 d6 12. e4 dxe4 13. Nxe4 Nxe4 14.
Qxe4 g6 15. Qf4 Kg7 16. Rfe1 d5 17. Ne5 Nxe5 18. Qxe5+ Qf6 19. Qc7 Rab8 20. a4 Rfc8 21. Qg3 Qg5 22. Qd6 Qd8 23. Qe5+ Qf6 24. Qg3 Qg5 1/2-1/2

[Event "*** Titled Tuesday Blitz"]
[Site "Chess.com"]
[Date "2020.04.07"]
[Round "4"]
[White "semchik73"]
[Black "AttilaTurzo"]
[Result "0-1"]
[WhiteElo "2325"]
[BlackElo "2499"]
[TimeControl "180+1"]
[EndTime "13:36:20 PDT"]
[Termination "AttilaTurzo won by resignation"]

1. Nf3 c5 2. c4 g6 3. Nc3 Bg7 4. d4 cxd4 5. Nxd4 Nc6 6. e3 Nf6 7. Be2 O-O 8. O-O d5 9. cxd5 Nxd5 10. Nxc6 bxc6 11. Bf3 Nxc3 12. bxc3 Bxc3 13. Bxc6 Bxa1 14. Bxa8 Ba6 15. Ba3 Bxf1 16. Qxf1 Qxa8 17. Qxa1 Qe4 18.
Bb2 Rb8 19. h3 Qc2 20. Be5 Rb1+ 0-1

[Event "*** Titled Tuesday Blitz"]
[Site "Chess.com"]
[Date "2020.04.07"]
[Round "4"]
[White "ApacheSVD"]
[Black "Qingdom"]
[Result "1-0"]
[WhiteElo "2350"]
[BlackElo "2104"]
[TimeControl "180+1"]
[EndTime "13:36:22 PDT"]
[Termination "ApacheSVD won by resignation"]

1. e4 c5 2. Nf3 Nc6 3. d4 cxd4 4. Nxd4 e5 5. Nb5 d6 6. c4 Be7 7. N1c3 a6 8. Na3 Be6 9. Nc2 Rc8 10. Be2 Bg5 11. Bxg5 Qxg5 12. O-O Nge7 13. b3 O-O 14. Nd5 Rfd8 15. Nce3 Nd4 16. f4 exf4 17.
Qxd4 fxe3 18. Qxe3 Bxd5 19. Qxg5 1-0

[Event "*** Titled Tuesday Blitz"]
[Site "Chess.com"]
[Date "2020.04.07"]
[Round "4"]
[White "CarlosAlbornoz"]
[Black "beccrajoy"]
[Result "1-0"]
[WhiteElo "2720"]
[BlackElo "1790"]
[TimeControl "180+1"]
[EndTime "13:36:29 PDT"]
[Termination "CarlosAlbornoz won by resignation"]

1. e4 c5 2. Nf3 e6 3. d4 cxd4 4. Nxd4 a6 5. c4 Nf6 6. Nc3 Bb4 7. e5 Qa5 8. exf6 Bxc3+ 9. bxc3 Qxc3+ 10. Qd2 Qxa1 11. fxg7 Rg8 12. Be2 Nc6 13. Nxc6 bxc6 14. O-O Qxg7 15. Bf3 h5 16. Ba3 d5 17. cxd5 cxd5 18. Qb4 f5 19. Bxh5+ Kd8 20. Qd6+ Bd7 21. Qb6+ 1-0

[Event "*** Titled Tuesday Blitz"]
[Site "Chess.com"]
[Date "2020.04.07"]
[Round "4"]
[White "keepitcoming"]
[Black "Jadeit90"]
[Result "1-0"]
[WhiteElo "2518"]
[BlackElo "2227"]
[TimeControl "180+1"]
[EndTime "13:36:34 PDT"]
[Termination "keepitcoming won by resignation"]

1. d4 g6 2. e4 Bg7 3. Nc3 c5 4. dxc5 Qa5 5. Bd2 Qxc5 6. Nf3 Nf6 7. Be2 O-O 8. O-O d5 9. Be3 Qa5 10. exd5 Rd8 11. Bc4 Nbd7 12. a3 Qc7 13. Qe2 Nb6 14.
Bxb6 Qxb6 15. Qxe7 Bg4 16. Ne5 Bf8 17. Qxf7+ Kh8 18.
d6 Bg7 19. Qe7 Qxb2 20. Nf7+ 1-0

[Event "*** Titled Tuesday Blitz"]
[Site "Chess.com"]
[Date "2020.04.07"]
[Round "4"]
[White "lIlIlIlI_lIl"]
[Black "CookiesAndIceCream"]
[Result "1-0"]
[WhiteElo "2606"]
[BlackElo "2359"]
[TimeControl "180+1"]
[EndTime "13:36:37 PDT"]
[Termination "lIlIlIlI_lIl won by resignation"]

1. e4 e6 2. d4 d5 3. e5 c5 4. c3 Nc6 5. Nf3 Qb6 6. Na3 Nh6 7. Nc2 Nf5 8. Bd3 Be7 9. O-O cxd4 10. cxd4 O-O 11. g4 Nh4 12. Nxh4 Bxh4 13. g5 1-0

[Event "*** Titled Tuesday Blitz"]
[Site "Chess.com"]
[Date "2020.04.07"]
[Round "4"]
[White "dennisodessa"]
[Black "TheCount"]
[Result "1-0"]
[WhiteElo "2265"]
[BlackElo "2623"]
[TimeControl "180+1"]
[EndTime "13:36:40 PDT"]
[Termination "dennisodessa won by resignation"]

1. c4 Nf6 2. d4 g6 3. Nc3 d5 4. Bg5 Ne4 5. Nxe4 dxe4 6. e3 Bg7 7.
Qd2 O-O 8. Ne2 c5 9. d5 h6 10. Bh4 g5 11. Bg3 e6 12. Nc3 exd5 13. cxd5 Nd7 14.
Nxe4 f5 15. Nc3 f4 16. exf4 gxf4 17. Bxf4 Qf6 18. Be3 Ne5 19. Be2 Qg6 20. Bxc5 1-0

[Event "*** Titled Tuesday Blitz"]
[Site "Chess.com"]
[Date "2020.04.07"]
[Round "4"]
[White "Sneakiest_Of_Snakes"]
[Black "Evhen_Taranenko"]
[Result "1-0"]
[WhiteElo "2133"]
[BlackElo "2341"]
[TimeControl "180+1"]
[EndTime "13:36:47 PDT"]
[Termination "Sneakiest_Of_Snakes won by checkmate"]

1. e4 c5 2. Nf3 d6 3. d4 cxd4 4.
Nxd4 Nf6 5. Nc3 a6 6. Bg5 e6 7.
f4 Be7 8. Qf3 Nbd7 9. Bc4 Qc7 10. Bxe6 fxe6 11. Nxe6 Qc6 12. Nxg7+ Kf7 13. Nf5 Nc5 14.
Nxe7 Kxe7 15. Nd5+ Kf7 16. Bxf6 Re8 17. Qh5+ Kf8 18. Qh6+ Kf7 19. Qg7+ Ke6 20. f5# 1-0

[Event "*** Titled Tuesday Blitz"]
[Site "Chess.com"]
[Date "2020.04.07"]
[Round "4"]
[White "WiniVidiVici"]
[Black "Bathory44"]
[Result "0-1"]
[WhiteElo "2730"]
[BlackElo "2555"]
[TimeControl "180+1"]
[EndTime "13:36:48 PDT"]
[Termination "Bathory44 won by resignation"]

1. e4 e6 2. d4 d5 3. Nc3 Nf6 4. e5 Nfd7 5. f4 c5 6. Nf3 Nc6 7. Be3 Be7 8. a3 O-O 9. dxc5 Bxc5 10. Bxc5 Nxc5 11. b4 Nd7 12. Bd3 f6 13. O-O fxe5 14. fxe5 Ndxe5 15. Nxe5 Rxf1+ 16. Kxf1 Qf6+ 17. Nf3 Qxc3 18. Qe1 Qf6 19. b5 Nd4 20. Qh4 Nxf3 21. Qxh7+ Kf8 0-1

[Event "*** Titled Tuesday Blitz"]
[Site "Chess.com"]
[Date "2020.04.07"]
[Round "4"]
[White "MishkaFighter"]
[Black "GMKrikor"]
[Result "0-1"]
[WhiteElo "2567"]
[BlackElo "2802"]
[TimeControl "180+1"]
[EndTime "13:37:06 PDT"]
[Termination "GMKrikor won by resignation"]

1. d4 Nf6 2. c4 g6 3. Nc3 d5 4. Nf3 Bg7 5. Bg5 dxc4 6. e4 c5 7. d5 b5 8. e5 b4 9. exf6 exf6 10. Bd2 bxc3 11. Bxc3 O-O 12. Bxc4 Re8+ 13. Kf1 Nd7 14.
d6 Nb6 15. Bb5 Re6 0-1

[Event "*** Titled Tuesday Blitz"]
[Site "Chess.com"]
[Date "2020.04.07"]
[Round "4"]
[White "Kiborg95"]
[Black "Vojtastr"]
[Result "1-0"]
[WhiteElo "2678"]
[BlackElo "2497"]
[TimeControl "180+1"]
[EndTime "13:37:07 PDT"]
[Termination "Kiborg95 won by resignation"]

1. e4 c5 2. Nc3 Nc6 3. Nge2 Nf6 4. d4 cxd4 5. Nxd4 e5 6. Ndb5 d6 7. Bg5 a6 8. Na3 b5 9. Bxf6 gxf6 10. Nd5 Bg7 11.
c3 f5 12. exf5 Bxf5 13. Nc2 Be6 14. Nce3 f5 15. Qh5+ Bf7 16. Qxf5 O-O 17. Bd3 Bg6 18. Qe6+ Bf7 19. Qh3 h6 20. O-O Ne7 21. Be4 Rc8 22. Rad1 Ng6 23. Qg4 Qg5 24. Qxg5 hxg5 25. Bxg6 Bxg6 26.
Ne7+ Kh7 27. Nxc8 Rxc8 1-0

[Event "*** Titled Tuesday Blitz"]
[Site "Chess.com"]
[Date "2020.04.07"]
[Round "4"]
[White "talman67"]
[Black "TwentyHourADay"]
[Result "1-0"]
[WhiteElo "2537"]
[BlackElo "2327"]
[TimeControl "180+1"]
[EndTime "13:37:09 PDT"]
[Termination "talman67 won by resignation"]

1. e4 c6 2. d4 d5 3. e5 Bf5 4. Nf3 e6 5. Be2 Ne7 6. O-O Ng6 7. Ne1 h5 8. g3 Bh3 9. Ng2 h4 10. Bg4 hxg3 11. fxg3 Bxg4 12. Qxg4 Nd7 13. Nc3 Qe7 14. Bg5 Qb4 15. Rxf7 Kxf7 16. Rf1+ Kg8 17. Qxe6+ Kh7 18.
Qh3+ Kg8 19. Qxd7 Qxd4+ 20. Be3 Qxe5 21. Qf7+ Kh7 22. Rf5 Qxf5 23. Qxf5 1-0

[Event "*** Titled Tuesday Blitz"]
[Site "Chess.com"]
[Date "2020.04.07"]
[Round "4"]
[White "JustWatch000"]
[Black "Evgeny81"]
[Result "0-1"]
[WhiteElo "2588"]
[BlackElo "2763"]
[TimeControl "180+1"]
[EndTime "13:37:13 PDT"]
[Termination "Evgeny81 won by resignation"]

1. e4 e5 2. Nf3 Nc6 3. Nc3 Nf6 4.
Bb5 Bd6 5. a3 O-O 6. g4 Nd4 7.
g5 Ne8 8. Bc4 c6 9. d3 Bc7 10.
Ba2 d5 11. Nxd4 exd4 12. Ne2 Bg4 13. Rg1 Bf3 14. exd5 cxd5 15. c3 Bxh2 16. Rf1 Nd6 17.
cxd4 Re8 18. Be3 Nf5 19. Qd2 Rc8 20. Nc3 Qxg5 0-1

[Event "*** Titled Tuesday Blitz"]
[Site "Chess.com"]
[Date "2020.04.07"]
[Round "4"]
[White "ckgchess"]
[Black "garfield_pg"]
[Result "1-0"]
[WhiteElo "2621"]
[BlackElo "2230"]
[TimeControl "180+1"]
[EndTime "13:37:17 PDT"]
[Termination "ckgchess won by resignation"]

1. e4 c5 2. c3 Nf6 3. e5 Nd5 4. d4 cxd4 5. Qxd4 e6 6. Nf3 Nc6 7. Qe4 d6 8. Nbd2 dxe5 9. Nxe5 Nxe5 10. Qxe5 Qd6 11. Bb5+ Bd7 12. Bxd7+ Qxd7 13. O-O Qc7 14. Qe2 Bd6 15. Nf3 O-O 16. g3 Rfd8 17. c4 Ne7 18. b3 a6 19. Bb2 Rac8 20. Rad1 Qa5 21. Rd3 Ba3 22. Bxa3 Qxa3 23. Rfd1 Rxd3 24. Qxd3 Nc6 25. Qd7 Rd8 26. Qxd8+ Nxd8 27. Rxd8+ 1-0

[Event "*** Titled Tuesday Blitz"]
[Site "Chess.com"]
[Date "2020.04.07"]
[Round "4"]
[White "ADODOVE"]
[Black "indfraeng"]
[Result "1-0"]
[WhiteElo "1834"]
[BlackElo "2234"]
[TimeControl "180+1"]
[EndTime "13:37:22 PDT"]
[Termination "ADODOVE won by resignation"]

1. e4 e5 2. Nf3 Nc6 3. d4 exd4 4. Bc4 Bc5 5. O-O Nge7 6. Ng5 d5 7. exd5 Nxd5 8. Nxf7 Kxf7 9. Qf3+ Ke6 10. Re1+ Ne5 11. Bf4 Qf6 12. Qxd5+ Ke7 13. Rxe5+ Kf8 14. Bg5 c6 15.
Qxc5+ Qd6 1-0

[Event "*** Titled Tuesday Blitz"]
[Site "Chess.com"]
[Date "2020.04.07"]
[Round "4"]
[White "mamonika"]
[Black "Zkid"]
[Result "0-1"]
[WhiteElo "1929"]
[BlackElo "2817"]
[TimeControl "180+1"]
[EndTime "13:37:24 PDT"]
[Termination "Zkid won by resignation"]

1. d4 d5 2. c4 dxc4 3. e4 Nf6 4. e5 Nd5 5. Bxc4 Nc6 6. Nc3 Nb6 7. Bb5 e6 8. Nf3 Bd7 9. O-O Nb4 10. Be2 Be7 11. Qb3 Bc6 12. Rd1 a5 13. a3 a4 14. Qxb4 Bxb4 15. axb4 O-O 16. Bg5 Qd7 17. b5 Bd5 18. Ne1 Bb3 19. Rdc1 Qxd4 20. Nf3 Qb4 21. Be3 Rfd8 22.
Nd4 Rxd4 23. Bxd4 Qxd4 24. Bf3 Qxe5 25. Bxb7 Rd8 26. Re1 Qc5 27. Rac1 Nc4 28. Ne4 Qxb5 0-1

[Event "*** Titled Tuesday Blitz"]
[Site "Chess.com"]
[Date "2020.04.07"]
[Round "4"]
[White "medalja"]
[Black "narutosmith"]
[Result "1-0"]
[WhiteElo "2436"]
[BlackElo "2193"]
[TimeControl "180+1"]
[EndTime "13:37:29 PDT"]
[Termination "medalja won by resignation"]

1. d4 Nf6 2. c4 g6 3. Nf3 Bg7 4. g3 d6 5. Bg2 O-O 6. O-O Nbd7 7. Nc3 e5 8. e4 exd4 9. Nxd4 Re8 10. h3 a6 11. Re1 Rb8 12. Be3 Ne5 13. b3 c5 14.
Nc2 b5 15. f4 Ned7 16. Qxd6 b4 17. Na4 Nxe4 18. Bxe4 Rxe4 19. Rad1 Qe8 20. Nxc5 Bf8 21. Nxd7 Bxd6 22. Nf6+ Kh8 23. Nxe8 Rxe8 24. Bd4+ 1-0

[Event "*** Titled Tuesday Blitz"]
[Site "Chess.com"]
[Date "2020.04.07"]
[Round "4"]
[White "Mizner"]
[Black "kuli4ik"]
[Result "0-1"]
[WhiteElo "2552"]
[BlackElo "2783"]
[TimeControl "180+1"]
[EndTime "13:37:35 PDT"]
[Termination "kuli4ik won by resignation"]

1. e4 Nf6 2. e5 Nd5 3. d4 d6 4. c4 Nb6 5. f4 g6 6. Be3 dxe5 7. fxe5 c5 8. d5 Bg7 9. Nc3 O-O 10. Bxc5 N8d7 11. Bd4 Nxe5 12. b3 e6 13. Be2 exd5 14. c5 Nbd7 15. Nxd5 Re8 16. Qd2 Qh4+ 17. Bf2 Qe4 18.
Nc7 Nd3+ 19. Kf1 Nxf2 20. Nxe8 Bxa1 21. Nd6 Qd4 22. Qxd4 Bxd4 23. Nf3 Bxc5 0-1

[Event "*** Titled Tuesday Blitz"]
[Site "Chess.com"]
[Date "2020.04.07"]
[Round "4"]
[White "econpower"]
[Black "igorkovalenko"]
[Result "0-1"]
[WhiteElo "2731"]
[BlackElo "2909"]
[TimeControl "180+1"]
[EndTime "13:37:40 PDT"]
[Termination "igorkovalenko won by resignation"]

1. d4 Nf6 2. Nf3 g6 3. c4 Bg7 4. Nc3 d6 5. e4 O-O 6. Be2 e5 7.
O-O Nc6 8. d5 Ne7 9. Nd2 Nd7 10.
b4 f5 11. a4 Kh8 12. Ba3 a5 13. bxa5 Rxa5 14. Bb4 Ra8 15. a5 fxe4 16. Ndxe4 Nf5 17. c5 Nf6 18. cxd6 cxd6 19. Nxf6 Bxf6 20. Ne4 Be7 21.
f4 Ne3 22. Qd2 Nxf1 23. Rxf1 Bf5 24. Ng3 exf4 25. Qxf4 Rc8 26. Qd4+ Bf6 27. Qd2 Be5 28. Nxf5 Rxf5 29. Rxf5 gxf5 30. Bd3 Qf6 31. Qe2 0-1

[Event "*** Titled Tuesday Blitz"]
[Site "Chess.com"]
[Date "2020.04.07"]
[Round "4"]
[White "GMG"]
[Black "eldur16"]
[Result "1-0"]
[WhiteElo "2784"]
[BlackElo "2554"]
[TimeControl "180+1"]
[EndTime "13:37:40 PDT"]
[Termination "GMG won by resignation"]

1. d4 Nf6 2. Bf4 g6 3. Nc3 Bg7 4. e4 d6 5. Qd2 c6 6. Bh6 Bxh6 7. Qxh6 b5 8. e5 dxe5 9. dxe5 b4 10. Nce2 Nd5 11.
Qg7 Rf8 12. Nf3 Qa5 13. Ned4 b3+ 14. c3 Nxc3 15. Nxb3 Qb4 16. bxc3 Qxc3+ 17. Nfd2 Be6 18. Rc1 Qb4 19. Bc4 Nd7 20. Bxe6 fxe6 21. O-O 1-0

[Event "*** Titled Tuesday Blitz"]
[Site "Chess.com"]
[Date "2020.04.07"]
[Round "4"]
[White "Leo_C"]
[Black "Frogo47"]
[Result "0-1"]
[WhiteElo "2317"]
[BlackElo "2492"]
[TimeControl "180+1"]
[EndTime "13:37:55 PDT"]
[Termination "Frogo47 won by resignation"]

1. d4 Nf6 2. c4 g6 3. f3 d5 4. cxd5 Nxd5 5. e4 Nb6 6. Nc3 Bg7 7. Be3 O-O 8. Qd2 Nc6 9. O-O-O Qd6 10. Nb5 Qd7 11.
Kb1 a6 12. Nc3 Rd8 13. d5 Qe8 14. Qc1 Na5 15. b3 e6 16. d6 Qc6 17. dxc7 Qxc7 18. Rxd8+ Qxd8 19. h4 Bd7 20. Nge2 Rc8 21. Qd2 Qc7 22.
Bd4 Rd8 23. Bxg7 Kxg7 24. h5 Bb5 25. h6+ Kg8 26. Nxb5 axb5 27. Qxa5 Rd1+ 28. Kb2 Nc4+ 29. bxc4 Qxa5 30. Nc3 Rd2+ 31. Kb3 b4 32. Be2 0-1

[Event "*** Titled Tuesday Blitz"]
[Site "Chess.com"]
[Date "2020.04.07"]
[Round "4"]
[White "Taabling"]
[Black "IMDT02"]
[Result "1-0"]
[WhiteElo "2300"]
[BlackElo "2458"]
[TimeControl "180+1"]
[EndTime "13:38:00 PDT"]
[Termination "Taabling won by resignation"]

1. e4 c5 2. Nf3 Nc6 3. g3 Nf6 4.
d3 g6 5. Bg2 Bg7 6. O-O O-O 7.
Qe2 d6 8. c3 e5 9. a3 Re8 10. b4 b6 11. Bb2 Ba6 12. Nbd2 Rc8 13. Rfe1 Bb7 14. Nc4 b5 15. Ne3 a6 16. Nd5 Nxd5 17. exd5 Ne7 18. c4 Qb6 19. bxc5 Qxc5 20. Rac1 bxc4 21. dxc4 a5 22. Ng5 Ba6 23. Bf1 Nxd5 24.
Ne4 Qb6 25. Qd2 Nf6 26. Qxd6 Qa7 27. Nxf6+ 1-0

[Event "*** Titled Tuesday Blitz"]
[Site "Chess.com"]
[Date "2020.04.07"]
[Round "4"]
[White "StockholmMissile"]
[Black "troisi"]
[Result "1-0"]
[WhiteElo "2388"]
[BlackElo "2025"]
[TimeControl "180+1"]
[EndTime "13:38:00 PDT"]
[Termination "StockholmMissile won by resignation"]

1. d4 Nf6 2. c4 e6 3. Nf3 d5 4. Bg5 a6 5. e3 h6 6. Bxf6 Qxf6 7. Nc3 dxc4 8. Bxc4 b5 9. Bd3 Bb7 10. Be4 Bxe4 11.
Nxe4 Qf5 12. Ng3 Qd5 13. O-O Bd6 14. e4 Qb7 15. d5 exd5 16. e5 Be7 17. Nf5 c6 18.
Nxg7+ Kf8 19. Nf5 Nd7 20. Re1 Nc5 21. N3d4 Ne6 22. Nxe6+ fxe6 23. Nd4 Ke8 24. Nxe6 Kd7 25. Qg4 Rag8 26. Nc5+ Kc7 27. Qd7+ Kb6 28. Qxb7+ Kxc5 29. Rac1+ 1-0

[Event "*** Titled Tuesday Blitz"]
[Site "Chess.com"]
[Date "2020.04.07"]
[Round "4"]
[White "saraswathii"]
[Black "david_gomez"]
[Result "0-1"]
[WhiteElo "2226"]
[BlackElo "2436"]
[TimeControl "180+1"]
[EndTime "13:38:01 PDT"]
[Termination "david_gomez won by resignation"]

1. e4 c6 2. d3 d5 3. Nd2 dxe4 4. dxe4 Nf6 5. Ngf3 Bg4 6. h3 Bh5 7. Bd3 Nbd7 8. O-O e6 9. Nc4 Be7 10. Qe2 O-O 11. a4 b5 12. axb5 cxb5 13. Na5 Ne5 14. Bf4 Nxf3+ 15. gxf3 Qb6 16. Kg2 a6 17. Bg5 Bg6 18.
Rfd1 h6 19. Bh4 Nh5 20. Bg3 Bg5 21. e5 Bxd3 22. Qxd3 Rad8 23. Qe2 Rxd1 24. Qxd1 Rd8 25. Qe2 Rd2 26. Qe1 Nxg3 27. Kxg3 Qd4 28. Nb3 Bh4+ 0-1

[Event "*** Titled Tuesday Blitz"]
[Site "Chess.com"]
[Date "2020.04.07"]
[Round "4"]
[White "A-Fier"]
[Black "skoularikii"]
[Result "1-0"]
[WhiteElo "2820"]
[BlackElo "2483"]
[TimeControl "180+1"]
[EndTime "13:38:02 PDT"]
[Termination "A-Fier won by resignation"]

1. e4 e5 2. f4 exf4 3. Nf3 g5 4. h4 g4 5. Ne5 d6 6. Nxg4 Be7 7. d4 Bxh4+ 8. Nf2 Qg5 9. Qf3 Nc6 10. Bb5 Bd7 11.
Bxc6 bxc6 12. Bxf4 Qe7 13. Nc3 Rb8 14. O-O-O Bg5 15.
Nd3 Bxf4+ 16. Nxf4 Nf6 17. e5 Bg4 18. exf6 Bxf3 19. fxe7 Bxd1 20. Nxd1 Kxe7 21. Ne3 Rbg8 22. Rh6 Rg5 23. g4 Kd7 24. Nh5 Rg6 25. Nf6+ Ke6 26.
Rxh7 Rxh7 27. Nxh7 Rh6 28. Ng5+ Ke7 29. Kd2 Rh2+ 30.
Kd3 d5 31. Nf3 Kf6 32. Nxh2 1-0

[Event "*** Titled Tuesday Blitz"]
[Site "Chess.com"]
[Date "2020.04.07"]
[Round "4"]
[White "DraskovicL"]
[Black "LittlePeasant"]
[Result "0-1"]
[WhiteElo "2559"]
[BlackElo "2790"]
[TimeControl "180+1"]
[EndTime "13:38:05 PDT"]
[Termination "LittlePeasant won by resignation"]

1. Nf3 d5 2. Nc3 Nf6 3. d3 Bg4 4.
e4 e6 5. h3 Bh5 6. Be2 c5 7.
O-O d4 8. Nb1 Nc6 9. a4 Be7 10.
Na3 O-O 11. Nc4 b6 12. Bf4 Nd7 13. Nfd2 Bxe2 14. Qxe2 a6 15. Bh2 b5 16. Na3 Qb6 17. f4 c4 18. f5 c3 19. Nf3 cxb2 20. Ra2 Bxa3 21. Rxa3 bxa4 22. Rb1 Qb4 23. Ra2 a3 24. Qd2 a5 25. Qg5 f6 26. Qh4 e5 27. g4 Qc3 0-1

[Event "*** Titled Tuesday Blitz"]
[Site "Chess.com"]
[Date "2020.04.07"]
[Round "4"]
[White "rubhani"]
[Black "wang5ter"]
[Result "1-0"]
[WhiteElo "2465"]
[BlackElo "2269"]
[TimeControl "180+1"]
[EndTime "13:38:05 PDT"]
[Termination "rubhani won by checkmate"]

1. e4 c6 2. d4 d5 3. e5 c5 4.
Nf3 Nc6 5. dxc5 e6 6. Be3 Nge7 7. c3 Nf5 8. Bd4 a5 9. Bd3 Be7 10. O-O O-O 11. Re1 Nfxd4 12. cxd4 f6 13. exf6 Bxf6 14. Nc3 h6 15. Bc2 Nb4 16. Bb1 Bd7 17. a3 Nc6 18. Qd3 a4 19. Qh7+ Kf7 20. Bg6+ Ke7 21. Nxd5# 1-0

[Event "*** Titled Tuesday Blitz"]
[Site "Chess.com"]
[Date "2020.04.07"]
[Round "4"]
[White "Gennady_Kozlov"]
[Black "SGchess01"]
[Result "1-0"]
[WhiteElo "2595"]
[BlackElo "2793"]
[TimeControl "180+1"]
[EndTime "13:38:07 PDT"]
[Termination "Gennady_Kozlov won by resignation"]

1. b3 e5 2. Bb2 d6 3. e3 Be7 4. d4 exd4 5. exd4 d5 6. Nf3 Nf6 7. h3 O-O 8. Bd3 Re8 9. O-O Nbd7 10. Re1 Nf8 11. Nbd2 Ng6 12. Bxg6 hxg6 13. Ne5 c6 14.
c4 Bf8 15. Ndf3 Bf5 16. Ng5 Re7 17. g4 Bd7 18. Qd3 Be8 19. Ba3 Rxe5 20. dxe5 Bxa3 21. exf6 Qxf6 22. Qe3 d4 23. Qxe8+ Rxe8 24. Rxe8+ Bf8 25. Rxf8+ 1-0

[Event "*** Titled Tuesday Blitz"]
[Site "Chess.com"]
[Date "2020.04.07"]
[Round "4"]
[White "francyIM"]
[Black "ftorodent"]
[Result "0-1"]
[WhiteElo "2666"]
[BlackElo "2580"]
[TimeControl "180+1"]
[EndTime "13:38:08 PDT"]
[Termination "ftorodent won by resignation"]

1. d4 d5 2. c4 e6 3. Nc3 Be7 4. Nf3 Nf6 5. Bf4 O-O 6. e3 Nbd7 7. Rc1 c5 8. dxc5 Nxc5 9. Be2 dxc4 10. Bxc4 a6 11.
a4 Qxd1+ 12. Rxd1 Bd7 13. b3 Rac8 14. Ne5 Rfd8 15. Nxd7 Rxd7 16. Be5 Rxd1+ 17. Kxd1 Nxa4 18. Nxa4 b5 19. Nb2 bxc4 20. Nxc4 Ne4 21. Ke2 f6 22.
Bb2 Rb8 23. Ra1 Rxb3 24. Rxa6 Rb4 25. Ra8+ Kf7 26. Rc8 Nc5 27. Ba3 Rxc4 28. Bxc5 Rxc5 0-1

[Event "*** Titled Tuesday Blitz"]
[Site "Chess.com"]
[Date "2020.04.07"]
[Round "4"]
[White "Artem_Sadovsky"]
[Black "Angel_Hranitel_37"]
[Result "1-0"]
[WhiteElo "2637"]
[BlackElo "2340"]
[TimeControl "180+1"]
[EndTime "13:38:08 PDT"]
[Termination "Artem_Sadovsky won by resignation"]

1. Nf3 Nf6 2. g3 g6 3. Bg2 Bg7 4. O-O O-O 5. c4 d6 6. b3 e5 7.
Bb2 Nbd7 8. d4 Re8 9. dxe5 Ng4 10. Nc3 Ngxe5 11. Nxe5 Nxe5 12. Qd2 Bd7 13. Rad1 Bc6 14. Nd5 a5 15. f4 Ng4 16. Bxg7 Kxg7 17. Qd4+ Nf6 18.
e4 Bxd5 19. cxd5 Kg8 20. e5 Nd7 21. e6 Nc5 22. f5 f6 23. fxg6 hxg6 24. Rxf6 Kh7 25.
Rf7+ Kh6 26. Qg7+ Kg5 27. h4+ 1-0

[Event "*** Titled Tuesday Blitz"]
[Site "Chess.com"]
[Date "2020.04.07"]
[Round "4"]
[White "vova-79"]
[Black "ValentinDragnev"]
[Result "0-1"]
[WhiteElo "2428"]
[BlackElo "2720"]
[TimeControl "180+1"]
[EndTime "13:38:11 PDT"]
[Termination "ValentinDragnev won by resignation"]

1. d4 Nf6 2. c4 e6 3. Nc3 d5 4.
Nf3 a6 5. cxd5 exd5 6. Bg5 c6 7. e3 Be7 8. Qc2 Nbd7 9. Bd3 Nf8 10. O-O Ne6 11. Bh4 g6 12. Rab1 O-O 13. b4 Ng7 14. a4 Bf5 15. b5 axb5 16. axb5 Ra3 17. Bxf5 Nxf5 18. Bxf6 Bxf6 19. bxc6 bxc6 20. Na4 Qd6 21. Nc5 Rfa8 22. Rfc1 Ne7 23. Rb7 Ra2 24.
Rb2 Ra1 25. Rxa1 Rxa1+ 26. Rb1 Ra7 27. g3 Kg7 28. Kg2 h5 29. h3 Nf5 30. Rb7 Rxb7 31. Nxb7 Qxg3+ 32. fxg3 Nxe3+ 33. Kf2 Nxc2 34. Na5 Nxd4 0-1

[Event "*** Titled Tuesday Blitz"]
[Site "Chess.com"]
[Date "2020.04.07"]
[Round "4"]
[White "SmirnovAlexandrA"]
[Black "saisree"]
[Result "1-0"]
[WhiteElo "2229"]
[BlackElo "2328"]
[TimeControl "180+1"]
[EndTime "13:38:11 PDT"]
[Termination "SmirnovAlexandrA won by resignation"]

1. e4 c6 2. d4 d5 3. e5 Bf5 4.
Nf3 e6 5. Be2 c5 6. Be3 cxd4 7. Nxd4 Ne7 8. O-O Nbc6 9. c4 Nxd4 10. Bxd4 Nc6 11. cxd5 Qxd5 12. Bc3 O-O-O 13. Na3 Bxa3 14.
bxa3 Nxe5 15. Qa4 Nc6 16. Bf3 Qc5 17. Rfc1 e5 18. Bxc6 bxc6 19. Bxe5 Qxe5 20. Qxc6+ Kb8 21. Rab1+ Bxb1 22. Rxb1+ 1-0

[Event "*** Titled Tuesday Blitz"]
[Site "Chess.com"]
[Date "2020.04.07"]
[Round "4"]
[White "swimmerchess"]
[Black "Philosopherrr"]
[Result "1-0"]
[WhiteElo "2820"]
[BlackElo "2412"]
[TimeControl "180+1"]
[EndTime "13:38:15 PDT"]
[Termination "swimmerchess won by resignation"]

1. e4 e5 2. Nf3 Nc6 3. Bb5 a6 4.
Ba4 Nf6 5. O-O Be7 6. Re1 b5 7. Bb3 d6 8. c3 O-O 9. h3 Bb7 10. d4 Re8 11. Nbd2 exd4 12. cxd4 Nd7 13. Nf1 Na5 14.
Bc2 Bf6 15. Ng3 g6 16. Rb1 c5 17. d5 Nc4 18. b3 Nce5 19. Nxe5 Bxe5 20. f4 Bd4+ 21. Kh2 Qh4 22. Rf1 Nf6 23. Qf3 h5 24. Bd2 Nd7 25. Be1 Qf6 26. e5 dxe5 27. f5 e4 28.
Nxe4 Be5+ 29. Bg3 Bxg3+ 30. Qxg3 Qe5 31. fxg6 fxg6 32. Rf4 Kg7 33. Nxc5 Nxc5 34. Qxg6+ 1-0